 Dungeon Crawl Stone Soup version 0.20.0-10-g0535bb4 (webtiles) character file.

49 MTVSty1e the Ruffian (level 3, -2/29 HPs)
             Began as a Draconian Transmuter on June 3, 2017.
             Slain by a gnoll
             ... wielding a +0 spear
              (10 damage)
             ... on level 2 of the Dungeon.
             The game lasted 00:03:19 (1905 turns).

MTVSty1e the Ruffian (Draconian Transmuter)         Turns: 1905, Time: 00:03:20

Health: -2/29      AC:  5    Str: 13    XL:     3   Next: 51%
Magic:  6/6        EV: 12    Int: 13    God:
Gold:   50         SH:  0    Dex: 11    Spells: 2/6 levels left

rFire    + . .     SeeInvis .     - Unarmed
rCold    x . .     Gourm    .   (no shield)
rNeg     . . .     Faith    .   (armour unavailable)
rPois    .         Spirit   .   (helmet restricted)
rElec    .         Reflect  .   (no cloak)
rCorr    .         Harm     .   (no gloves)
MR       .....                  (no boots)
Stlth    +.........             (no amulet)
Regen    0.1/turn               k - ring of fire
MPRegen  0.1/turn               (no ring)

@: appendage (expiring)
A: unfitting armour, horns 2, cold-blooded, AC +5
a: End Transformation


You were on level 2 of the Dungeon.
You were not hungry.
You had grown temporary horns.
You visited 1 branch of the dungeon, and saw 2 of its levels.

You collected 50 gold pieces.

Inventory:

Missiles
 a - 12 arrows
Jewellery
 k - a ring of fire (left hand)
Scrolls
 d - 2 scrolls of identify {unknown}
 f - a scroll of enchant weapon {unknown}
 g - 3 scrolls of teleportation {unknown}
Potions
 c - 2 potions of mutation {unknown}
 e - a potion of invisibility {unknown}
 h - a potion of brilliance {unknown}
 i - a potion of agility {unknown}
Books
 b - a book of Changes

   Spells                             Type                      Level
   a - Beastly Appendage              Transmutation                1
   b - Sticks to Snakes               Transmutation                2
   c - Spider Form                    Transmutation/Poison         3
   d - Ice Form                       Ice/Transmutation            4
   e - Blade Hands                    Transmutation                5
Comestibles
 j - a meat ration


   Skills:
 + Level 1.9 Fighting
 - Level 1.7 Dodging
 * Level 4.3 Unarmed Combat
 - Level 2.0 Spellcasting
 - Level 2.0 Transmutations


You had 2 spell levels left.
You knew the following spells:

 Your Spells              Type           Power        Failure   Level  Hunger
a - Beastly Appendage     Tmut           #.....       11%         1    ##.....
b - Spider Form           Tmut/Pois      #.........   45%         3    ####...


Dungeon Overview and Level Annotations

Branches:
Dungeon (2/15)

Altars:


Innate Abilities, Weirdness & Mutations

Your plain brown scales are hard. (AC +5)
You cannot fit into any form of body armour.
You are cold-blooded and may be slowed by cold attacks.
You have a pair of horns on your head.


Message History

Found a short sword.
A gnoll is nearby!
Casting: Beastly Appendage
Confirm with . or Enter, or press ? or * to list all spells.
You grow a pair of large bovine horns.
The gnoll hits you from afar with a spear!
A gnoll comes into view. It is wielding a spear.
The gnoll shouts!
The gnoll hits you with a spear!
A frilled lizard and a rat come into view.
You are too injured to fight recklessly!
You are too injured to fight recklessly!
You are too injured to fight recklessly!
You are too injured to fight recklessly!
The gnoll hits you from afar with a spear.
* * * LOW HITPOINT WARNING * * *
Your transformation is almost over.
There is a stone staircase leading up here.
The gnoll hits you from afar with a spear!
You die...

#.# #####..# l.## #.# #..# ...#
#.# #..# .).# #.########..#
#g.# #...........# #r.#
##########.## #..# ### #....#.#
#..# ..# #.##.#.# #..# #.#
######.#...@######.g#####
#.####........#...g.r.g........
#......####.#...########.###...
..###### #.##.## .# # #.#
#.##.######## .. #.#
#.##......... ... #.#
#)########### ### #.# #.# #.#
#.#


You could see 2 gnolls and a rat.

Vanquished Creatures
  3 dart slugs
  2 leopard geckos
  6 bats
  3 goblins (D:2)
  5 hobgoblins
  2 jackals (D:1)
  9 kobolds
  A ball python (D:1)
  4 frilled lizards
  8 rats
43 creatures vanquished.

Notes
Turn   | Place    | Note
-------+----------+-------------------------------------------
     0 | D:1      | MTVSty1e the Draconian Transmuter began the quest for the Orb.
     0 | D:1      | Reached XP level 1. HP: 16/16 MP: 3/3
   295 | D:1      | Reached XP level 2. HP: 12/23 MP: 5/5
  1010 | D:1      | Reached XP level 3. HP: 27/29 MP: 4/6
  1023 | D:1      | Learned a level 3 spell: Spider Form
  1165 | D:1      | Reached skill level 4 in Unarmed Combat
  1905 | D:2      | Slain by a gnoll

Skill      XL: |  1  2  3 |
---------------+----------+-----
Unarmed Combat | 4 |  4.3
Fighting       | |  1.9
Dodging        | |  1.7
Spellcasting   | |  2.0
Transmutations | |  2.0

Action                   || total
-------------------------++-------
Melee: Unarmed           ||   129
       Tailslap          ||    11
       Headbutt          ||     4
       Kick              ||     8
       Punch             ||     1
 Cast: Beastly Appendage ||    19
 Stab: Sleeping          ||     1
  Eat: Bread ration      ||     1
Armor: Skin              ||    30
Dodge: Dodged            ||    62
